 Dungeon Crawl Stone Soup version 0.31-a0-1019-g3dd9dd1025 (webtiles) character file.

Game seed: 17880295999647299878

9 Malachi the Ruffian (level 2, -1/2 HPs)
             Began as a Gnoll Shapeshifter on Nov 17, 2023.
             Slain by a jackal (3 damage)
             ... on level 1 of the Dungeon.
             The game lasted 00:00:53 (440 turns).

Malachi the Ruffian (Gnoll Shapeshifter)             Turns: 440, Time: 00:00:53

Health: -1/2       AC:  0    Str: 13    XL:     2   Next: 16%
Magic:  2/2        EV: 13    Int:  9    God:
Gold:   0          SH:  0    Dex: 11    Spells: 1/1 levels left

rFire   . . .        e - melded +0 short sword
rCold   . . .        (shield currently unavailable)
rNeg    . . .        f - melded +0 chain mail
rPois   ∞            (helmet currently unavailable)
rElec   +            (cloak currently unavailable)
rCorr   .            (gloves currently unavailable)
SInv    .            (boots currently unavailable)
Will    .....        (no amulet)
Stlth   +            (no ring)
HPRegen 0.20/turn    (no ring)
MPRegen 0.08/turn

%: no passive effects
@: storm-form, blinkbolt cooldown, flying
A: cleaving, insubstantial, flying, reduced hp, (fangs 1), strong nose,
distributed training
a: Blinkbolt, Begin Untransformation


You were on level 1 of the Dungeon.
You were a lightning-filled tempest!
You visited 1 branch of the dungeon, and saw 1 of its levels.

Inventory:

Hand Weapons
 e - a +0 short sword (melded)
Armour
 a - a +0 animal skin
 f - a +0 chain mail (melded)
Talismans
 c - a beast talisman
 d - a flux talisman
 g - a storm talisman (active)
Potions
 b - a potion of lignification


   Skills:
 + Level 2.4 Fighting
 + Level 0.3 Short Blades
 + Level 0.3 Long Blades
 + Level 0.3 Axes
 + Level 0.3 Maces & Flails
 + Level 0.3 Polearms
 + Level 0.3 Staves
 + Level 0.3 Ranged Weapons
 + Level 0.3 Throwing
 + Level 0.3 Armour
 + Level 4.4 Dodging
 + Level 0.3 Stealth
 + Level 0.3 Shields
 + Level 6.4 Unarmed Combat
 + Level 0.3 Spellcasting
 + Level 0.2 Conjurations
 + Level 0.2 Hexes
 + Level 0.2 Summonings
 + Level 0.2 Necromancy
 + Level 0.2 Translocations
 + Level 0.2 Transmutations
 + Level 0.2 Fire Magic
 + Level 0.2 Ice Magic
 + Level 0.2 Air Magic
 + Level 0.2 Earth Magic
 + Level 0.2 Poison Magic
 + Level 0.4 Invocations
 + Level 0.3 Evocations
 + Level 6.4 Shapeshifting


You had one spell level left.
You didn't know any spells.
Your spell library was empty.

Dungeon Overview and Level Annotations

Branches:
Dungeon (1/15)

Altars:


Innate Abilities, Weirdness & Mutations

You are a lightning-filled tempest!
Your electrical attacks strike out in all directions at once.
You are incredibly evasive.
Your insubstantial body is immune to petrification, constriction, and being set on fire You are flying.
Your maximum health is decreased, since you lack skill for your form.
Your armour is entirely melded.
You are incapable of wielding weapons or throwing items.
You are immune to poison.
((You have very sharp teeth.))
Your uncanny sense of smell can sniff out nearby items.
Your experience applies equally to all skills.


Message History

You start waiting.
Done waiting.
You start waiting.
Done waiting.
Aiming: Blinkbolt
Press: ? - help, Dir - move target You see nothing there to target!
A bat and a frilled lizard come into view.
The bat barely misses you.
There are monsters nearby!
Aiming: Blinkbolt
Press: ? - help, Dir - move target, f - bat
Aim: a bat (84% to hit)
The shock of your passage hits the bat!!
You kill the bat!
You blink.
The frilled lizard hisses angrily.
You can't do that yet.
You feel energetic enough to blinkbolt again.
Aiming: Blinkbolt
Press: ? - help, Dir - move target, f - frilled lizard
Aim: a frilled lizard (82% to hit)
The shock of your passage hits the frilled lizard!!
You kill the frilled lizard!
You blink.
You feel energetic enough to blinkbolt again.
A jackal comes into view.
A jackal is nearby!
A jackal is nearby!
Aiming: Blinkbolt
Press: ? - help, Dir - move target, f - jackal
Aim: a jackal (asleep, 100% to hit)
The shock of your passage hits the jackal!!!
You kill the jackal!
You blink.
A jackal comes into view.
The jackal barks!
The jackal bites you.
Ouch! That really hurt!
You die...

∆ ### #.. #.# #
#.#
########.####.##
#.....§.......h#
#.######.####v.#
#.# # #..# #.#
#..# ##.# #..#
#..# #..# #.##
#..# #.# ###
#... #.# #..
###. #.# #.#


You could see a jackal.

Vanquished Creatures
  A dart slug (D:1)
  A jackal (D:1)
  5 bats (D:1)
  2 frilled lizards (D:1)
  A kobold (D:1)
  A rat (D:1)
11 creatures vanquished.

Notes
Turn   | Place    | Note
-------+----------+-------------------------------------------
     0 | D:1      | Malachi the Gnoll Shapeshifter began the quest for the Orb.
     0 | D:1      | Reached XP level 1. HP: 17/17 MP: 1/1
   172 | D:1      | Reached XP level 2. HP: 23/23 MP: 2/2
   440 | D:1      | Slain by a jackal

Illustrated notes

Levels and vault maps discovered:
D:1:      dpeg_arrival_connections, layout_loops_ring

Action                     || total
---------------------------++-------
  Melee: Unarmed           ||     5
         Short sword       ||     4
         Bite              ||     1
Ability: Blinkbolt         ||     3
 Armour: Animal skin       ||     4
         Chain mail        ||     1
         Skin              ||     2
  Dodge: Dodged            ||     4
   Form: Storm             ||     1

Table legend: (Time is in decaauts)
 A = Elapsed time spent in this place.
 B = Non-inter-level travel time spent in this place.
 C = Inter-level travel time spent in this place.
 D = Time resting spent in this place.
 E = Time spent auto-exploring this place.
 F = Levels seen in this place.
 G = Mean time per level.
                   A        B        C        D        E       F      G
               +--------+--------+--------+--------+--------+-----+--------+
         Total |    438 |    438 |      0 |    200 |    158 |   1 |  438.0 |
       Dungeon |    438 |    438 |      0 |    200 |    158 |   1 |  438.0 |
               +--------+--------+--------+--------+--------+-----+--------+

Top non-repeatable levels by time:
     D:1: 438 daAuts
